[ AOE2 MATCH · #478085563 ]
UnrankedFranks vs Gurjaras
[ REPLAY ANALYSIS · EXTRACTED FROM THE RECORDED GAME ]
Feudal
—
Castle
—
Imperial
—
| APM avg | 25.1 |
| APM peak | 53 |
| eAPM avg | 12.8 |
| Villagers / military | 103 / 97 |
Focus
⚔️ 24.6% · 🌾 75.4%
Knight ×79 · Monk ×10 · Scout Cavalry ×4 · Trebuchet (Packed) ×4
Feudal
10:48
Castle
37:26
Imperial
—
| APM avg | 23.6 |
| APM peak | 62 |
| eAPM avg | 11.9 |
| Villagers / military | 66 / 61 |
Focus
⚔️ 24.9% · 🌾 75.1%
Camel Scout ×21 · Armored Elephant ×13 · Chakram Thrower ×10 · Shrivamsha Rider ×9 · Spearman ×8
Feudal
10:38
Castle
23:26
Imperial
39:20
| APM avg | 17.7 |
| APM peak | 76 |
| eAPM avg | 9.2 |
| Villagers / military | 89 / 121 |
Focus
⚔️ 34.1% · 🌾 65.9%
Tarkan ×75 · Cavalry Archer ×23 · Scout Cavalry ×12 · Knight ×11
Feudal
13:44
Castle
—
Imperial
—
| APM avg | 10.2 |
| APM peak | 49 |
| eAPM avg | 3.6 |
| Villagers / military | 37 / 16 |
Focus
⚔️ 29.6% · 🌾 70.4%
Archer ×16
Match map
Initial resources + every placement click. Lines = walls · curves = elevation contours. ◆ gold · ⬟ stone · ● berries · ✦ relic · ◌ wall gap
Your base· Open — unwalled flank
Everton's base· ✓ Closed at 37:26 · 197t walls · 9 gate(s)
Metrix's base· Open — unwalled flank
Bortoluzzi's base· Open — unwalled flank
Smoothed initial terrain · ◌ = detected wall gap · hover for details
Inputs per minute
— MancoAntonio75 - - Everton
Build order — MancoAntonio75
First 150 of 370 actions detected
| 0:02 | Build | House |
| 0:04 | Build | House |
| 0:10 | Create | Villager (Male) |
| 0:10 | Create | Villager (Male) |
| 0:10 | Create | Villager (Male) |
| 0:10 | Create | Villager (Male) |
| 0:11 | Create | Villager (Male) |
| 1:41 | Create | Villager (Male) |
| 1:41 | Create | Villager (Male) |
| 1:57 | Build | Lumber Camp |
| 2:09 | Create | Villager (Male) |
| 2:30 | Create | Villager (Male) |
| 2:30 | Create | Villager (Male) |
| 3:02 | Create | Villager (Male) |
| 3:14 | Build | House |
| 3:17 | Create | Villager (Male) |
| 3:17 | Create | Villager (Male) |
| 3:18 | Create | Villager (Male) |
| 3:41 | Create | Villager (Male) |
| 3:41 | Create | Villager (Male) |
| 4:21 | Create | Villager (Male) |
| 4:46 | Create | Villager (Male) |
| 4:57 | Create | Villager (Male) |
| 4:57 | Create | Villager (Male) |
| 5:23 | Build | Mill |
| 5:41 | Create | Villager (Male) |
| 5:41 | Create | Villager (Male) |
| 6:15 | Create | Villager (Male) |
| 6:40 | Research | Loom |
| 7:40 | Research | Feudal Age |
| 8:14 | Build | Barracks |
| 9:28 | Build | House |
| 9:56 | Create | Villager (Male) |
| 9:57 | Create | Villager (Male) |
| 9:58 | Research | Double-Bit Axe |
| 10:06 | Build | Stable |
| 10:31 | Create | Villager (Male) |
| 10:48 | Create | Villager (Male) |
| 11:05 | Build | Blacksmith |
| 11:07 | Create | Scout Cavalry |
| 11:08 | Create | Scout Cavalry |
| 11:08 | Create | Scout Cavalry |
| 11:08 | Create | Scout Cavalry |
| 11:22 | Create | Villager (Male) |
| 11:23 | Create | Villager (Male) |
| 11:37 | Build | House |
| 11:44 | Build | House |
| 12:23 | Build | House |
| 12:25 | Build | Palisade Wall |
| 12:35 | Build | Stable |
| 12:43 | Create | Villager (Male) |
| 12:46 | Build | Farm |
| 12:47 | Build | Farm |
| 12:51 | Create | Villager (Male) |
| 13:09 | Build | Mining Camp |
| 13:34 | Build | Farm |
| 13:35 | Build | Farm |
| 13:43 | Build | Palisade Wall |
| 13:51 | Build | Palisade Wall |
| 13:58 | Create | Villager (Male) |
| 13:58 | Create | Villager (Male) |
| 13:59 | Create | Villager (Male) |
| 14:22 | Build | Market |
| 15:02 | Build | Palisade Wall |
| 15:05 | Build | Palisade Wall |
| 15:12 | Build | Palisade Wall |
| 15:16 | Create | Villager (Male) |
| 15:19 | Build | Farm |
| 15:29 | Build | Farm |
| 15:30 | Build | Farm |
| 15:31 | Build | Farm |
| 15:38 | Build | House |
| 15:45 | Create | Villager (Male) |
| 15:46 | Create | Villager (Male) |
| 15:46 | Create | Villager (Male) |
| 15:51 | Build | Farm |
| 16:17 | Build | Farm |
| 16:19 | Build | Farm |
| 16:23 | Build | Farm |
| 16:25 | Build | Farm |
| 16:42 | Build | Palisade Wall |
| 16:50 | Build | Farm |
| 17:00 | Build | House |
| 17:05 | Build | Farm |
| 17:12 | Build | Farm |
| 17:18 | Build | Farm |
| 17:23 | Build | Farm |
| 17:26 | Research | Wheelbarrow |
| 17:38 | Build | House |
| 17:50 | Build | Palisade Wall |
| 18:20 | Build | House |
| 18:56 | Build | Palisade Gate |
| 19:06 | Research | Castle Age |
| 19:31 | Build | Farm |
| 19:48 | Research | Forging |
| 19:49 | Research | Scale Barding Armor |
| 20:25 | Build | Farm |
| 21:36 | Build | Palisade Gate |
| 21:38 | Build | Palisade Wall |
| 21:40 | Build | Palisade Wall |
| 21:49 | Research | Hand Cart |
| 21:53 | Build | Town Center |
| 22:01 | Research | Iron Casting |
| 22:34 | Research | Chain Barding Armor |
| 22:45 | Create | Villager (Male) |
| 22:45 | Create | Villager (Male) |
| 22:58 | Build | Town Center |
| 23:33 | Create | Villager (Male) |
| 23:39 | Create | Villager (Male) |
| 23:39 | Create | Villager (Male) |
| 23:51 | Create | Villager (Male) |
| 23:51 | Create | Villager (Male) |
| 23:52 | Create | Villager (Male) |
| 24:12 | Research | Town Watch |
| 24:53 | Build | House |
| 24:55 | Build | House |
| 24:57 | Create | Villager (Male) |
| 25:03 | Research | Bow Saw |
| 25:24 | Create | Villager (Male) |
| 25:24 | Create | Villager (Male) |
| 25:26 | Create | Villager (Male) |
| 25:27 | Create | Villager (Male) |
| 25:38 | Create | Villager (Male) |
| 25:38 | Create | Villager (Male) |
| 25:39 | Create | Villager (Male) |
| 26:07 | Build | House |
| 26:13 | Create | Villager (Male) |
| 26:15 | Create | Villager (Male) |
| 26:16 | Create | Villager (Male) |
| 26:17 | Create | Villager (Male) |
| 26:37 | Create | Villager (Male) |
| 26:45 | Create | Villager (Male) |
| 26:49 | Build | House |
| 26:51 | Create | Villager (Male) |
| 27:00 | Create | Villager (Male) |
| 27:01 | Create | Villager (Male) |
| 27:25 | Build | Town Center |
| 27:29 | Create | Villager (Male) |
| 27:34 | Create | Villager (Male) |
| 27:37 | Create | Villager (Male) |
| 27:42 | Build | Farm |
| 28:00 | Build | House |
| 28:01 | Create | Villager (Male) |
| 28:02 | Create | Villager (Male) |
| 28:06 | Build | Farm |
| 28:10 | Build | Farm |
| 28:12 | Build | Farm |
| 28:19 | Build | Lumber Camp |
| 28:24 | Create | Villager (Male) |
| 28:25 | Create | Villager (Male) |
Build order — Everton
First 150 of 220 actions detected
| 0:06 | Create | Villager (Male) |
| 0:07 | Create | Villager (Male) |
| 0:07 | Create | Villager (Male) |
| 0:07 | Create | Villager (Male) |
| 0:10 | Build | House |
| 0:14 | Build | House |
| 0:49 | Build | Mill |
| 2:04 | Create | Villager (Male) |
| 2:46 | Create | Villager (Male) |
| 2:47 | Create | Villager (Male) |
| 3:35 | Create | Villager (Male) |
| 3:36 | Create | Villager (Male) |
| 4:50 | Create | Villager (Male) |
| 5:07 | Build | House |
| 5:33 | Create | Villager (Male) |
| 5:34 | Create | Villager (Male) |
| 6:09 | Create | Villager (Male) |
| 6:10 | Create | Villager (Male) |
| 6:18 | Create | Villager (Male) |
| 6:19 | Create | Villager (Male) |
| 6:42 | Create | Villager (Male) |
| 6:51 | Build | Lumber Camp |
| 7:22 | Create | Villager (Male) |
| 7:40 | Create | Villager (Male) |
| 8:13 | Research | Loom |
| 8:19 | Build | House |
| 8:22 | Build | House |
| 8:35 | Research | Feudal Age |
| 8:51 | Build | Palisade Wall |
| 9:03 | Build | Palisade Wall |
| 9:12 | Build | Palisade Gate |
| 9:15 | Build | Palisade Gate |
| 10:09 | Create | Villager (Male) |
| 10:10 | Create | Villager (Male) |
| 10:10 | Create | Villager (Male) |
| 10:48 | Age | Feudal Age |
| 11:09 | Create | Villager (Male) |
| 11:12 | Research | Wheelbarrow |
| 11:15 | Research | Horse Collar |
| 11:19 | Research | Double-Bit Axe |
| 11:36 | Create | Villager (Male) |
| 11:47 | Build | Palisade Wall |
| 11:51 | Build | Palisade Wall |
| 11:58 | Build | Palisade Gate |
| 12:52 | Build | Palisade Wall |
| 13:13 | Build | Barracks |
| 14:01 | Build | House |
| 14:27 | Build | Stable |
| 14:42 | Create | Spearman |
| 14:43 | Create | Spearman |
| 15:45 | Create | Spearman |
| 15:45 | Create | Spearman |
| 15:45 | Create | Spearman |
| 15:45 | Create | Spearman |
| 16:05 | Build | Mining Camp |
| 16:12 | Create | Spearman |
| 16:12 | Create | Spearman |
| 17:00 | Build | Palisade Wall |
| 17:03 | Build | Palisade Wall |
| 17:14 | Build | Palisade Gate |
| 17:26 | Create | Villager (Male) |
| 17:27 | Create | Villager (Male) |
| 17:33 | Create | Camel Scout |
| 17:33 | Create | Camel Scout |
| 18:16 | Build | Farm |
| 18:17 | Build | Farm |
| 18:19 | Build | Farm |
| 18:36 | Build | Farm |
| 18:43 | Research | Bloodlines |
| 18:44 | Create | Camel Scout |
| 19:40 | Create | Villager (Male) |
| 19:55 | Build | Farm |
| 19:57 | Build | Farm |
| 20:49 | Build | Watch Tower |
| 21:20 | Create | Villager (Male) |
| 21:34 | Build | Mining Camp |
| 21:39 | Build | Palisade Wall |
| 21:44 | Build | Palisade Gate |
| 21:52 | Create | Villager (Male) |
| 21:52 | Create | Villager (Male) |
| 22:27 | Create | Villager (Male) |
| 22:27 | Create | Villager (Male) |
| 22:46 | Create | Villager (Male) |
| 22:47 | Create | Villager (Male) |
| 22:58 | Build | House |
| 22:59 | Build | House |
| 23:01 | Build | House |
| 23:02 | Build | House |
| 23:12 | Build | Farm |
| 23:50 | Create | Villager (Male) |
| 23:51 | Create | Villager (Male) |
| 23:51 | Create | Villager (Male) |
| 24:16 | Create | Villager (Male) |
| 24:35 | Create | Villager (Male) |
| 24:44 | Build | Farm |
| 24:46 | Build | Farm |
| 24:47 | Build | Farm |
| 24:49 | Build | Farm |
| 24:54 | Create | Villager (Male) |
| 25:19 | Build | House |
| 25:21 | Build | House |
| 25:28 | Build | Palisade Wall |
| 25:32 | Create | Villager (Male) |
| 26:08 | Build | Blacksmith |
| 26:17 | Build | Farm |
| 26:18 | Build | Farm |
| 26:20 | Create | Villager (Male) |
| 26:20 | Create | Villager (Male) |
| 26:20 | Create | Villager (Male) |
| 26:36 | Build | House |
| 26:39 | Build | House |
| 26:40 | Build | House |
| 26:41 | Build | House |
| 26:58 | Create | Villager (Male) |
| 26:58 | Create | Villager (Male) |
| 27:49 | Create | Villager (Male) |
| 27:55 | Research | Scale Barding Armor |
| 28:04 | Create | Villager (Male) |
| 28:15 | Build | Stone Wall |
| 28:21 | Build | Gate |
| 28:44 | Build | Stone Wall |
| 28:54 | Build | Gate |
| 29:02 | Create | Villager (Male) |
| 29:08 | Build | Farm |
| 30:00 | Build | Farm |
| 30:02 | Build | Farm |
| 30:18 | Build | Stable |
| 30:20 | Build | Stable |
| 30:21 | Build | Stable |
| 30:29 | Research | Forging |
| 30:37 | Create | Camel Scout ×5 |
| 30:49 | Build | Stable |
| 30:50 | Build | Stable |
| 30:52 | Build | Stable |
| 31:11 | Build | Farm |
| 31:12 | Build | Farm |
| 31:13 | Build | Farm |
| 31:31 | Build | Watch Tower |
| 31:47 | Create | Villager (Male) |
| 32:04 | Research | Stone Mining |
| 32:15 | Create | Villager (Male) |
| 32:16 | Create | Villager (Male) |
| 32:16 | Create | Villager (Male) |
| 32:16 | Create | Villager (Male) |
| 33:06 | Build | Lumber Camp |
| 33:15 | Create | Villager (Male) |
| 33:47 | Build | Stone Wall |
| 33:51 | Build | Stone Wall |
| 34:00 | Build | Gate |
| 34:26 | Build | Stone Wall |
Build order — Metrix
First 150 of 306 actions detected
| 0:02 | Research | Loom |
| 0:02 | Create | Villager (Male) |
| 0:03 | Create | Villager (Male) |
| 0:03 | Create | Villager (Male) |
| 0:03 | Create | Villager (Male) |
| 1:46 | Create | Villager (Male) |
| 1:47 | Create | Villager (Male) |
| 2:33 | Create | Villager (Male) |
| 2:34 | Create | Villager (Male) |
| 2:35 | Create | Villager (Male) |
| 3:03 | Build | Lumber Camp |
| 3:24 | Create | Villager (Male) |
| 3:25 | Create | Villager (Male) |
| 3:25 | Create | Villager (Male) |
| 4:33 | Create | Villager (Male) |
| 4:33 | Create | Villager (Male) |
| 5:07 | Create | Villager (Male) |
| 5:07 | Create | Villager (Male) |
| 5:18 | Build | Mill |
| 5:34 | Create | Villager (Male) |
| 6:38 | Create | Villager (Male) |
| 6:39 | Create | Villager (Male) |
| 6:39 | Create | Villager (Male) |
| 6:39 | Create | Villager (Male) |
| 6:39 | Create | Villager (Male) |
| 6:40 | Create | Villager (Male) |
| 6:40 | Create | Villager (Male) |
| 7:53 | Build | Barracks |
| 8:03 | Create | Villager (Male) |
| 8:14 | Research | Feudal Age |
| 9:10 | Build | Palisade Wall |
| 9:16 | Build | Palisade Wall |
| 10:23 | Create | Villager (Male) |
| 10:23 | Create | Villager (Male) |
| 10:24 | Create | Villager (Male) |
| 10:24 | Create | Villager (Male) |
| 10:38 | Age | Feudal Age |
| 10:42 | Build | Stable |
| 10:48 | Build | Palisade Wall |
| 11:08 | Build | Farm |
| 11:24 | Build | Blacksmith |
| 11:39 | Create | Scout Cavalry |
| 11:39 | Create | Scout Cavalry |
| 11:40 | Create | Scout Cavalry |
| 11:40 | Create | Scout Cavalry |
| 11:40 | Create | Scout Cavalry |
| 11:53 | Build | Farm |
| 11:56 | Build | Farm |
| 12:10 | Create | Villager (Male) |
| 12:29 | Build | Palisade Wall |
| 12:33 | Research | Scale Barding Armor |
| 12:46 | Build | Palisade Wall |
| 12:49 | Build | Farm |
| 12:53 | Build | Farm |
| 12:58 | Create | Villager (Male) |
| 14:05 | Build | Market |
| 14:17 | Build | Farm |
| 14:17 | Build | Farm |
| 14:18 | Build | Farm |
| 14:19 | Build | Farm |
| 14:19 | Build | Farm |
| 14:22 | Create | Villager (Male) |
| 14:22 | Create | Villager (Male) |
| 14:22 | Create | Villager (Male) |
| 15:55 | Build | Palisade Wall |
| 16:04 | Build | Mining Camp |
| 16:05 | Create | Villager (Male) |
| 16:06 | Create | Villager (Male) |
| 16:06 | Create | Villager (Male) |
| 16:09 | Research | Double-Bit Axe |
| 16:14 | Research | Horse Collar |
| 16:20 | Build | Farm |
| 16:21 | Build | Farm |
| 16:21 | Build | Farm |
| 16:21 | Build | Farm |
| 16:21 | Build | Farm |
| 16:22 | Build | Farm |
| 16:22 | Build | Farm |
| 16:22 | Build | Farm |
| 16:22 | Build | Farm |
| 18:02 | Build | Farm |
| 18:02 | Build | Farm |
| 18:02 | Build | Farm |
| 18:02 | Build | Farm |
| 18:08 | Create | Villager (Male) |
| 18:08 | Create | Villager (Male) |
| 18:10 | Research | Wheelbarrow |
| 19:22 | Research | Town Watch |
| 20:19 | Research | Gold Mining |
| 20:46 | Research | Castle Age |
| 21:05 | Build | Archery Range |
| 21:10 | Build | Archery Range |
| 21:42 | Build | Mining Camp |
| 22:54 | Research | Stone Mining |
| 23:01 | Create | Villager (Male) |
| 23:01 | Create | Villager (Male) |
| 23:01 | Create | Villager (Male) |
| 23:01 | Create | Villager (Male) |
| 23:02 | Create | Villager (Male) |
| 23:02 | Create | Villager (Male) |
| 23:02 | Create | Villager (Male) |
| 23:02 | Create | Villager (Male) |
| 23:25 | Research | Forging |
| 23:26 | Age | Castle Age |
| 23:33 | Create | Knight |
| 23:33 | Create | Knight |
| 23:34 | Create | Knight |
| 23:34 | Create | Knight |
| 23:34 | Create | Knight |
| 24:02 | Build | Town Center |
| 24:32 | Research | Husbandry |
| 24:32 | Research | Bloodlines |
| 25:04 | Research | Bow Saw |
| 25:10 | Create | Villager (Male) |
| 25:26 | Create | Villager (Male) |
| 25:26 | Create | Villager (Male) |
| 25:56 | Create | Villager (Male) |
| 25:56 | Create | Villager (Male) |
| 25:56 | Create | Villager (Male) |
| 26:03 | Create | Cavalry Archer |
| 26:03 | Create | Cavalry Archer |
| 26:03 | Create | Cavalry Archer |
| 26:04 | Create | Cavalry Archer |
| 26:23 | Create | Villager (Male) |
| 26:24 | Create | Villager (Male) |
| 26:24 | Create | Villager (Male) |
| 26:52 | Build | Town Center |
| 27:26 | Research | Fletching |
| 27:27 | Research | Padded Archer Armor |
| 27:30 | Create | Cavalry Archer |
| 27:30 | Create | Cavalry Archer |
| 27:39 | Build | Farm |
| 27:39 | Build | Farm |
| 27:39 | Build | Farm |
| 27:40 | Build | Farm |
| 27:40 | Build | Farm |
| 27:41 | Build | Farm |
| 27:41 | Build | Farm |
| 27:41 | Build | Farm |
| 27:41 | Build | Farm |
| 27:42 | Build | Farm |
| 27:42 | Build | Farm |
| 27:42 | Build | Farm |
| 27:42 | Build | Farm |
| 27:43 | Build | Farm |
| 27:45 | Create | Villager (Male) |
| 27:45 | Create | Villager (Male) |
| 27:45 | Create | Villager (Male) |
| 27:46 | Create | Villager (Male) |
| 28:17 | Build | Farm |
Build order — Bortoluzzi
92 actions detected in the replay
| 0:09 | Build | House |
| 0:19 | Build | Mill |
| 2:04 | Create | Villager (Male) |
| 3:02 | Create | Villager (Male) |
| 3:02 | Create | Villager (Male) |
| 4:27 | Create | Villager (Male) |
| 4:27 | Create | Villager (Male) |
| 5:43 | Create | Villager (Male) |
| 5:43 | Create | Villager (Male) |
| 5:44 | Create | Villager (Male) |
| 7:22 | Create | Villager (Male) |
| 7:22 | Create | Villager (Male) |
| 7:24 | Create | Villager (Male) |
| 7:56 | Build | Lumber Camp |
| 9:17 | Create | Villager (Male) |
| 9:17 | Create | Villager (Male) |
| 9:54 | Build | House |
| 10:29 | Build | House |
| 11:35 | Research | Feudal Age |
| 12:37 | Build | Palisade Wall |
| 12:40 | Build | Palisade Wall |
| 13:20 | Build | Palisade Wall |
| 13:44 | Age | Feudal Age |
| 14:28 | Build | Palisade Wall |
| 15:42 | Build | Watch Tower |
| 17:24 | Build | Barracks |
| 17:59 | Build | Archery Range |
| 18:41 | Create | Villager (Male) |
| 18:42 | Create | Villager (Male) |
| 18:42 | Create | Villager (Male) |
| 18:43 | Create | Villager (Male) |
| 18:43 | Create | Villager (Male) |
| 18:44 | Create | Villager (Male) |
| 19:06 | Create | Archer |
| 19:07 | Create | Archer |
| 21:06 | Build | Mining Camp |
| 21:25 | Build | Palisade Wall |
| 21:59 | Create | Villager (Male) |
| 21:59 | Create | Villager (Male) |
| 22:00 | Create | Villager (Male) |
| 22:00 | Create | Villager (Male) |
| 22:01 | Create | Villager (Male) |
| 22:02 | Create | Villager (Male) |
| 22:54 | Build | Palisade Wall |
| 23:01 | Build | Lumber Camp |
| 25:30 | Build | Palisade Gate |
| 25:49 | Create | Archer |
| 25:49 | Create | Archer |
| 25:50 | Create | Archer |
| 25:51 | Create | Archer |
| 25:52 | Create | Archer |
| 25:53 | Create | Archer |
| 26:11 | Build | Mining Camp |
| 26:19 | Create | Villager (Male) |
| 26:19 | Create | Villager (Male) |
| 26:20 | Create | Villager (Male) |
| 26:20 | Create | Villager (Male) |
| 26:52 | Build | Farm |
| 27:14 | Build | Farm |
| 27:45 | Build | Farm |
| 31:26 | Build | Palisade Wall |
| 31:40 | Build | Lumber Camp |
| 31:52 | Build | Farm |
| 32:20 | Create | Villager (Male) |
| 32:21 | Create | Villager (Male) |
| 32:55 | Build | Blacksmith |
| 33:56 | Research | Fletching |
| 34:04 | Create | Archer |
| 34:05 | Create | Archer |
| 34:06 | Create | Archer |
| 34:06 | Create | Archer |
| 36:34 | Create | Archer |
| 36:34 | Create | Archer |
| 36:34 | Create | Archer |
| 36:36 | Create | Archer |
| 40:56 | Build | Town Center |
| 41:12 | Build | Lumber Camp |
| 42:56 | Create | Villager (Male) |
| 42:57 | Create | Villager (Male) |
| 42:58 | Create | Villager (Male) |
| 42:59 | Create | Villager (Male) |
| 43:32 | Build | Farm |
| 44:05 | Build | Mill |
| 44:42 | Build | Farm |
| 44:52 | Build | Farm |
| 46:33 | Create | Villager (Male) |
| 46:34 | Create | Villager (Male) |
| 47:19 | Build | Archery Range |
| 48:15 | Build | Farm |
| 48:16 | Build | Farm |
| 51:04 | Research | Wheelbarrow |
| 54:45 | Build | Mining Camp |
Match timeline
| 7:53 | Metrix · first_building Barracks |
| 8:14 | MancoAntonio75 · first_building Barracks |
| 8:51 | Everton · wall_segment Palisade Wall x21 |
| 9:03 | Everton · wall_segment Palisade Wall x23 |
| 9:10 | Metrix · wall_segment Palisade Wall x5 |
| 9:16 | Metrix · wall_segment Palisade Wall x8 |
| 10:06 | MancoAntonio75 · first_building Stable |
| 10:38 | Metrix · age_up feudal |
| 10:42 | Metrix · first_building Stable |
| 10:48 | Everton · age_up feudal |
| 10:48 | Metrix · wall_segment Palisade Wall x1 |
| 11:47 | Everton · wall_segment Palisade Wall x21 |
| 11:51 | Everton · wall_segment Palisade Wall x10 |
| 12:25 | MancoAntonio75 · wall_segment Palisade Wall x8 |
| 12:29 | Metrix · wall_segment Palisade Wall x4 |
| 12:37 | Bortoluzzi · wall_segment Palisade Wall x9 |
| 12:40 | Bortoluzzi · wall_segment Palisade Wall x1 |
| 12:46 | Metrix · wall_segment Palisade Wall x7 |
| 12:52 | Everton · wall_segment Palisade Wall x12 |
| 13:13 | Everton · first_building Barracks |
| 13:20 | Bortoluzzi · wall_segment Palisade Wall x23 |
| 13:43 | MancoAntonio75 · wall_segment Palisade Wall x4 |
| 13:44 | Bortoluzzi · age_up feudal |
| 13:51 | MancoAntonio75 · wall_segment Palisade Wall x8 |
| 14:27 | Everton · first_building Stable |
| 14:28 | Bortoluzzi · wall_segment Palisade Wall x31 |
| 15:02 | MancoAntonio75 · wall_segment Palisade Wall x5 |
| 15:05 | MancoAntonio75 · wall_segment Palisade Wall x7 |
| 15:12 | MancoAntonio75 · wall_segment Palisade Wall x5 |
| 15:55 | Metrix · wall_segment Palisade Wall x4 |
| 16:42 | MancoAntonio75 · wall_segment Palisade Wall x7 |
| 17:00 | Everton · wall_segment Palisade Wall x4 |
| 17:03 | Everton · wall_segment Palisade Wall x7 |
| 17:24 | Bortoluzzi · first_building Barracks |
| 17:50 | MancoAntonio75 · wall_segment Palisade Wall x7 |
| 17:59 | Bortoluzzi · first_building Archery Range |
| 20:28 | Metrix · first_market_sell 100 wood |
| 20:30 | Metrix · first_market_buy 100 food |
| 21:05 | Metrix · first_building Archery Range |
| 21:25 | Bortoluzzi · wall_segment Palisade Wall x1 |
| 21:38 | MancoAntonio75 · wall_segment Palisade Wall x3 |
| 21:39 | Everton · wall_segment Palisade Wall x10 |
| 21:40 | MancoAntonio75 · wall_segment Palisade Wall x5 |
| 22:54 | Bortoluzzi · wall_segment Palisade Wall x8 |
| 23:26 | Metrix · age_up castle |
| 25:28 | Everton · wall_segment Palisade Wall x1 |
| 27:20 | MancoAntonio75 · first_market_buy 100 stone |
| 28:15 | Everton · wall_segment Stone Wall x17 |
| 28:44 | Everton · wall_segment Stone Wall x15 |
| 29:35 | MancoAntonio75 · first_building Monastery |
| 31:26 | Bortoluzzi · wall_segment Palisade Wall x1 |
| 32:01 | MancoAntonio75 · first_building Castle |
| 32:33 | Metrix · first_building Castle |
| 33:47 | Everton · wall_segment Stone Wall x5 |
| 33:51 | Everton · wall_segment Stone Wall x29 |
| 34:26 | Everton · wall_segment Stone Wall x7 |
| 34:29 | Everton · wall_segment Stone Wall x21 |
| 37:26 | Everton · age_up castle |
| 37:34 | Everton · first_building Castle |
| 39:20 | Metrix · age_up imperial |
| 40:51 | Everton · tribute_sent a jugador 2 |
| 40:51 | Everton · tribute_sent a jugador 3 |
| 40:51 | Everton · tribute_sent a jugador 4 |
| 42:27 | Everton · first_building Siege Workshop |
| 46:04 | MancoAntonio75 · wall_segment Stone Wall x4 |
| 47:47 | Everton · first_market_buy 500 food |
| 54:10 | Everton · resign |
[ AI ANALYSIS · 1 CREDIT ]
What really happened in this match?
Wolo.gg analyzes every decision: build order, eco, micro, common mistakes by bracket. Personalized analysis on WhatsApp or Discord in 30 seconds.
Civ guide
Franks
Perfil
Jugador #19505430